 Dungeon Crawl Stone Soup version 0.30.0 (webtiles) character file.

Game seed: 1930582499621530648

605586 dolemite99 the Slayer (level 26, -1/248 (256) HPs)
             Began as a Minotaur Fighter on May 5, 2023.
             Was a High Priest of Ashenzari.
             Killed by the air
             ... invoked by a wind drake
             ... summoned by a white draconian stormcaller
              (14 damage)
             ... on level 1 of the Realm of Zot on May 6, 2023.
             The game lasted 03:19:35 (110383 turns).

dolemite99 the Slayer (Minotaur Fighter)          Turns: 110383, Time: 03:19:36

HP:   -1/248 (256)  AC: 39    Str: 29    XL:     26   Next: 61%
MP:   31/41         EV: 16    Int:  8    God:    Ashenzari [*****.]
Gold: 392           SH: 27    Dex: 20    Spells: 10/46 levels left

rFire   + . .        a - +8 autumn katana {manifold assault}
rCold   + . .        E - +5 kite shield "Fallacy of Ashenzari" {rF+, Range, Bglg} (curse)
rNeg    + . .        g - +10 plate armour of the Cursed Boredom {Will+, Bglg, Evo} (curse)
rPois   +            t - +0 mask of the Dragon {Will+ Slay+3 SInv, Range, Evo} (curse)
rElec   +            B - +0 cloak of Supernal Understanding {Fort, Melee} (curse)
rCorr   +            R - +0 pair of gloves of the Shackled Regret {Rampage rN+ rCorr SInv, Evo, Alch} (curse)
SInv    +            l - +3 pair of mountain boots {steadfast, rC+, Cun, Evo} (curse)
Will    +++..        k - amulet of the Cursed God {Reflect SH+5, Self, Bglg} (curse)
Stlth   +            u - ring of the Shackled Vision {rElec MP+9 Str+6 Int+3 Dex+2, Comp, Elem} (curse)
HPRegen 0.00/turn    s - ring of poison resistance
MPRegen 0.27/turn

%: reflection, clarity, rampage
@: forested, inhibited regen, slowed, constricted, studying Stealth, lightly
drained, very slow
A: horns 2, retaliatory headbutt, dopey 1, low MP 1, inhibited regeneration
}: 3/15 runes: decaying, silver, gossamer
a: Renounce Religion, Curse Item, Shatter the Chains


You were on level 1 of the Realm of Zot.
You worshipped Ashenzari.
Ashenzari was extremely pleased with you.
You visited 12 branches of the dungeon, and saw 48 of its levels.
You visited the Abyss 1 time.
You visited 1 bazaar.
You visited 1 ziggurat, and saw 10 of its levels.
You also visited: Bailey.

You collected 10316 gold pieces.
You spent 9924 gold pieces at shops.

Inventory:

Hand Weapons
 a - the +8 autumn katana (weapon) {manifold assault}
   (You acquired it on level 2 of the Depths)
 b - the +8 Vampire's Tooth {megavamp}
   (You found it on level 3 of the Crypt)
 c - the +3 greatsling "Punk" {acid, rCorr}
   (You found it on level 9 of a ziggurat)

   rCorr:     It protects you from acid and corrosion.
 z - a +9 scimitar of flaming
Missiles
 m - 5 javelins (quivered)
 K - 4 throwing nets
 X - a silver javelin
Armour
 g - the cursed +10 plate armour of the Cursed Boredom (worn) {Will+, Bglg, Evo}
   (You took it off an orc warrior on level 2 of the Orcish Mines)

   It has a curse which improves the following skills: Beguiling: Conjurations,
   Hexes and Translocations.
   Evocations: Evocations.
 l - the cursed +3 pair of mountain boots (worn) {steadfast, rC+, Cun, Evo}
   (You found it on level 4 of the Spider Nest)

   Steadfast: It prevents involuntary movement, except for blinking,
   teleportation, or banishment.
   rC:        It protects you from cold.
   It has a curse which improves the following skills: Cunning: Dodging and
   Stealth.
   Evocations: Evocations.
 t - the cursed +0 mask of the Dragon (worn) {Will+ Slay+3 SInv, Range, Evo}
   (You found it on level 3 of the Elven Halls)

   Slay:      It affects your accuracy & damage with ranged weapons and melee
   (+3).
   SInv:      It lets you see invisible.
   Will:      It increases your willpower.
   It has a curse which improves the following skills: Ranged Combat: Ranged
   Weapons and Throwing.
   Evocations: Evocations.
 B - the cursed +0 cloak of Supernal Understanding (worn) {Fort, Melee}
   (You found it on level 14 of the Dungeon)

   It has a curse which improves the following skills: Fortitude: Armour and
   Shields.
   Melee Combat: Short Blades, Long Blades, Axes, Maces & Flails, Polearms,
   Staves and Unarmed Combat.
 E - the cursed +5 kite shield "Fallacy of Ashenzari" (worn) {rF+, Range, Bglg}
   (You took it off a vault warden on level 1 of the Vaults)

   It has a curse which improves the following skills: Ranged Combat: Ranged
   Weapons and Throwing.
   Beguiling: Conjurations, Hexes and Translocations.
 R - the cursed +0 pair of gloves of the Shackled Regret (worn) {Rampage rN+ rCorr SInv, Evo, Alch}
   (You took it off Nikola on level 2 of the Swamp)

   rN:        It protects you from negative energy.
   SInv:      It lets you see invisible.
   rCorr:     It protects you from acid and corrosion.
   Rampage:   It bestows one free step when moving towards enemies.
   It has a curse which improves the following skills: Evocations: Evocations.
   Alchemy:   Poison Magic and Transmutations.
Magical Staves
 d - a staff of fire
Jewellery
 k - the cursed amulet of the Cursed God (around neck) {Reflect SH+5, Self, Bglg}
   (You found it on level 3 of the Dungeon)

   [amulet of reflection]

   It reflects blocked missile attacks.
   SH:        It affects your SH (+5).
   It has a curse which improves the following skills: Introspection: Fighting
   and Spellcasting.
   Beguiling: Conjurations, Hexes and Translocations.
 s - a ring of poison resistance (right hand)
 u - the cursed ring of the Shackled Vision (left hand) {rElec MP+9 Str+6 Int+3 Dex+2, Comp, Elem}
   (You found it on level 4 of the Dungeon)

   [ring of strength]

   Str:       It affects your strength (+6).
   Int:       It affects your intelligence (+3).
   Dex:       It affects your dexterity (+2).
   rElec:     It insulates you from electricity.
   MP:        It affects your magic capacity (+9).
   It has a curse which improves the following skills: Companions: Summonings
   and Necromancy.
   Elements:  Fire Magic, Ice Magic, Air Magic and Earth Magic.
 D - the ring of Bilecuad {rF+ rN+ MP+9}
   (You found it on level 3 of the Crypt)

   [ring of positive energy]

   rF:        It protects you from fire.
   rN:        It protects you from negative energy.
   MP:        It affects your magic capacity (+9).
 F - a ring of protection from fire
 G - the amulet of Res Nullius {Acrobat rN+ Dex+3}
   (You found it on level 4 of a ziggurat)

   [amulet of the acrobat]

   It increases your evasion while moving and waiting.
   Dex:       It affects your dexterity (+3).
   rN:        It protects you from negative energy.
 W - a ring of protection from fire
 Z - a ring of willpower
Wands
 o - a wand of iceblast (17)
 I - a wand of digging (34)
 Y - a wand of paralysis (34)
Scrolls
 h - 8 scrolls of enchant armour
 i - 13 scrolls of fog
 n - 3 scrolls of silence
 q - 26 scrolls of teleportation
 v - 8 scrolls of poison
 w - 9 scrolls of vulnerability
 A - a scroll of blinking
 H - 7 scrolls of magic mapping
 Q - 6 scrolls of immolation
 U - 4 scrolls of enchant weapon
Potions
 e - 2 potions of berserk rage
 j - 20 potions of curing
 p - 7 potions of cancellation
 r - 6 potions of ambrosia
 x - 2 potions of heal wounds
 J - 4 potions of brilliance
 L - 2 potions of flight
 O - 12 potions of mutation
 S - 2 potions of might
 T - 3 potions of haste
Miscellaneous
 f - a phial of floods (inert)
 C - a lightning rod (1/4)
 N - a box of beasts (inert)
 P - a tin of tremorstones (inert)
 V - a phantom mirror (inert)


   Skills:
 - Level 22.9(24.7) Fighting
 - Level 14.8(16.9) Long Blades
 - Level 12.9(16.0) Throwing
 - Level 21.1(23.0) Armour
 - Level 15.9(17.9) Dodging
 - Level 10.9(13.0) Stealth
 - Level 18.4(20.4) Shields
 - Level 8.5(10.7) Spellcasting
 - Level 7.2(11.4) Hexes
 - Level 9.0(11.2) Summonings
 - Level 5.4(7.5) Necromancy
 - Level 6.4(10.5) Translocations
 + Level 2.7(4.5) Transmutations
 - Level 8.3(10.5) Air Magic
 - Level 12.8(17.8) Evocations


You had 10 spell levels left.
You knew the following spells:

 Your Spells              Type           Power      Damage    Failure   Level
a - Summon Lightning Spi  Summ/Air       21%        N/A       7%          4
b - Summon Mana Viper     Hex/Summ       22%        N/A       16%         5
c - Summon Forest         Summ/Tloc      10%        N/A       21%         5
d - Summon Guardian Gole  Hex/Summ       22%        N/A       1%          3
e - Blink                 Tloc           42%        N/A       1%          2
f - Animate Dead          Necr           16%        N/A       28%         4
g - Apportation           Tloc           42%        N/A       1%          1
h - Vhi's Electric Charg  Tloc/Air       42%        N/A       2%          3
i - Passwall              Tmut/Erth      6%         N/A       34%         2
j - Anguish               Hex/Necr       9%         N/A       12%         4
k - Swiftness             Air            21%        N/A       2%          3

Your spell library contained the following spells:

 Spells                   Type           Power      Damage    Failure   Level
 Summon Small Mammal      Summ           88%        N/A       1%          1
 Call Imp                 Summ           44%        N/A       1%          2
 Call Canine Familiar     Summ           22%        N/A       1%          3
 Gell's Gravitas          Tloc           21%        N/A       2%          3
 Teleport Other           Tloc           21%        N/A       2%          3
 Sublimation of Blood     Necr           16%        N/A       4%          2
 Cause Fear               Hex            11%        N/A       5%          4
 Ensorcelled Hibernation  Hex/Ice        26%        N/A       9%          2
 Airstrike                Air            10%        2d(2-18)  9%          4
 Manifold Assault         Tloc           21%        N/A       9%          4
 Passage of Golubria      Tloc           21%        N/A       9%          4
 Beastly Appendage        Tmut           22%        N/A       10%         1
 Poisonous Vapours        Pois/Air       24%        N/A       10%         2
 Static Discharge         Conj/Air       26%        2-4/arc   10%         2
 Kiss of Death            Conj/Necr      40%        2d8       12%         1
 Wereblood                Tmut           11%        N/A       14%         2
 Dazzling Flash           Conj/Hex       26%        N/A       16%         3
 Silence                  Hex/Air        10%        N/A       19%         5
 Volatile Blastmotes      Fire/Tloc      24%        2d12      21%         3
 Dispel Undead            Necr           16%        3d10      28%         4
 Mephitic Cloud           Conj/Pois/Air  10%        N/A       36%         3
 Magic Dart               Conj           20%        1d4       43%         1
 Foxfire                  Conj/Fire      16%        2x1d4     45%         1
 Fulminant Prism          Conj/Hex       6%         3d7       45%         4
 Animate Armour           Summ/Erth      26%        N/A       50%         4
 Leda's Liquefaction      Hex/Erth       6%         N/A       50%         4
 Summon Ice Beast         Ice/Summ       13%        N/A       50%         4
 Iskenderun's Mystic Bla  Conj/Tloc      13%        2d5       52%         4
 Yara's Violent Unravell  Hex/Tmut       8%         3d5       54%         5
 Spider Form              Tmut/Pois      8%         N/A       56%         3
 Scorch                   Fire           8%         2d5       63%         2
 Ignite Poison            Fire/Tmut/Pois 6%         N/A       67%         3
 Summon Cactus Giant      Summ           11%        N/A       67%         6
 Dispersal                Tloc           10%        N/A       77%         6
 Stone Arrow              Conj/Erth      8%         3d7       83%         3
 Metabolic Englaciation   Hex/Ice        6%         N/A       83%         5
 Frozen Ramparts          Ice            8%         1d2       86%         3
 Ozocubu's Armour         Ice            4%         N/A       86%         3
 Arcjolt                  Conj/Air       6%         1d16      86%         5
 Ice Form                 Ice/Tmut       8%         N/A       93%         4
 Petrify                  Tmut/Erth      8%         N/A       93%         4
 Blade Hands              Tmut           5%         N/A       95%         5
 Freezing Cloud           Conj/Ice/Air   5%         6-21      98%         5
 Flame Wave               Conj/Fire      4%         2d5       99%         4
 Sticky Flame             Conj/Fire      4%         2d3       99%         4
 Irradiate                Conj/Tmut      4%         3d13      99%         5
 Death Channel            Necr           8%         N/A       99%         6
 Enfeeble                 Hex            11%        N/A       99%         7
 Monstrous Menagerie      Summ           11%        N/A       99%         7
 Alistair's Intoxication  Tmut/Pois      5%         N/A       100%        5
 Fireball                 Conj/Fire      2%         3d4       100%        5
 Iskenderun's Battlesphe  Conj           5%         2d6       100%        5
 Lee's Rapid Deconstruct  Erth           2%         3d4*      100%        5
 Iron Shot                Conj/Erth      2%         9d2       100%        6
 Plasma Beam              Fire/Air       6%         2x1d18    100%        6
 Simulacrum               Ice/Necr       5%         N/A       100%        6
 Starburst                Conj/Fire      2%         6d3       100%        6
 Statue Form              Tmut/Erth      5%         N/A       100%        6
 Haunt                    Necr/Summ      9%         N/A       100%        7
 Ozocubu's Refrigeration  Ice            2%         4d7       100%        7
 Spellforged Servitor     Conj/Summ      6%         N/A       100%        7
 Storm Form               Tmut/Air       8%         N/A       100%        7
 Borgnjor's Revivificati  Necr           8%         N/A       100%        8
 Disjunction              Tloc           10%        N/A       100%        8
 Ignition                 Fire           2%         3d3       100%        8
 Infestation              Necr           8%         N/A       100%        8
 Lehudib's Crystal Spear  Conj/Erth      2%         10d2      100%        8
 Maxwell's Capacitive Co  Air            10%        ∞         100%        8
 Summon Horrible Things   Summ           11%        N/A       100%        8
 Chain Lightning          Conj/Air       6%         3d8       100%        9
 Fire Storm               Conj/Fire      2%         8d1       100%        9
 Shatter                  Erth           2%         3d6*      100%        9


Dungeon Overview and Level Annotations

Branches:
Dungeon (15/15)            Temple (1/1) D:6            Lair (5/5) D:9
  Swamp (4/4) Lair:3       Spider (4/4) Lair:2        Slime (0/5) Lair:4
    Orc (2/2) D:11            Elf (3/3) Orc:2        Vaults (5/5) D:13
  Crypt (3/3) Vaults:3       Tomb (0/3) Crypt:3      Depths (4/4) D:15
   Hell (visited)             Zot (1/5) Depths:4     Bailey (visited)
    Dis: Hell:1         Geh: Hell:1         Coc: Hell:1         Tar: Hell:1

Altars:
Ashenzari
Cheibriados
Dithmenos
Elyvilon
Fedhas
Gozag
Hepliaklqana
Kikubaaqudgha
Nemelex Xobeh
Okawaru
Qazlal
Ru
Sif Muna
Trog
Uskayaw
Vehumet
Wu Jian
Xom
Yredelemnul
Zin
The Shining One
Jiyva

Shops:
D:3 ?   D:9 :   Orc:2 (:(:   Elf:2 (   Elf:3 (:?   Vaults:2 [==   Vaults:4 *[(
Vaults:5 ?!!?!   Depths:4 =:=

Portals:
Hell: Depths:1 Depths:2 Depths:3 Depths:4
Abyss: Depths:3
Pandemonium: Depths:2
Trove: Elf:3 (give 6 scrolls of blinking)

Annotations:
D:7 3 runed translucent doors, exclusion: downstairs, Kazon's ghost, novice DsGl
Lair:4 exclusion: downstairs
Elf:2 3 runed translucent doors
Vaults:3 Mara
Depths:1 exclusion: downstairs
Hell Geryon; Murray


Innate Abilities, Weirdness & Mutations

You have a pair of horns on your head.
You reflexively headbutt those who attack you in melee.
You are dopey. (Int -2)
Your magical capacity is low. (-10% MP)
You do not regenerate when monsters are visible.


Message History

You feel as though you will be slow longer.
Your mana viper bites the white draconian but does no damage.
The death drake closely misses your dryad.
The wind drake bites your mature shockweird beast!
Your mature shockweird beast closely misses the wind drake.
Your mature shockweird beast constricts the white draconian!
The white draconian hits your mature shockweird beast with a +0 halberd!
Your dryad calls out to the forest.
Vines fly forth from the trees!
The death cob hits you but does no damage.
Your mana viper bites the white draconian!
The white draconian dies!
You hear a splash.
The death drake completely misses your dryad.
Your mature shockweird beast closely misses the death cob.
Your mature shockweird beast barely misses the death cob.
The tentacled monstrosity misses you.
The tentacled monstrosity tentacle-slaps you!
* * * LOW HITPOINT WARNING * * *
The tentacled monstrosity tentacle-slaps you.
* * * LOW HITPOINT WARNING * * *
The tentacled monstrosity grabs you.
The tentacled monstrosity constricts you.
Your dryad hits the death drake but does no damage.
Your lightning rod (1/4) has regained one charge.
Blink to where?
Press: ? - help, Dir - move target The tentacled monstrosity's grasp on you weakens, but your attempt to escape fails.
As you read the scroll of blinking, it crumbles to dust.
You block the death cob's attack.
The death cob hits you but does no damage.
The death drake bites your dryad. You block the death cob's attack.
The tentacled monstrosity tentacle-slaps you.
* * * LOW HITPOINT WARNING * * *
You block the tentacled monstrosity's attack.
The tentacled monstrosity misses you.
The tentacled monstrosity constricts you.
The wind drake flaps its wings at you. The air twists around and strikes you!
You die...

###...# #...♣.#
*,,,*
#.....###....(#
*****
#..^...###....♣
#......# #....###
###....####.....#
#..~~~~..kkq..#
#.~..≈≈~)Hk...#
#.~~≈≈~~SRzk.#♣
####≈≈~#.@X###
#...♣w..#
#####♣###


You could see a tentacled monstrosity (berserk, ally target), a death cob (ally
target), a white draconian stormcaller, 2 death drakes, 2 wind drakes, a
friendly mature shockweird beast (summoned), a friendly dryad (summoned), a
friendly mana viper (summoned) and a friendly snaplasher vine.

Vanquished Creatures
  2 dread liches
  A juggernaut (Zig:9)
  A royal mummy (Crypt:3)
  the Lernaean hydra (Swamp:4)
  3 golden dragons
  A pandemonium lord (Zig:8)
  A golden dragon (shapeshifter) (Vaults:4)
  Nikola (Swamp:2)
  2 bone dragons
  the Enchantress (Depths:2)
  A Tzitzimitl (Zig:8)
  A hellephant (Depths:3)
  Asterion (Depths:2)
  5 tentacled monstrosities
  4 liches
  Mlioglotl (Spider:2)
  2 deep elf blademasters (Elf:3)
  2 deep elf master archers (Elf:3)
  An Executioner (Zig:8)
  6 ancient champions
  5 sphinxes
  8 titans
  Gastronok (Lair:2)
  A death cob (Depths:4)
  6 tengu reavers
  A draconian monk (Depths:4)
  5 storm dragons
  9 shadow dragons
  A revenant (Crypt:1)
  2 nagarajas (Zig:10)
  A draconian knight (Depths:3)
  A fenstrider witch (Zig:7)
  Roxanne (Elf:1)
  7 emperor scorpions
  9 fire giants
  5 frost giants
  19 vault wardens
  9 deep elf sorcerers
  Aizul (Spider:3)
  2 iron dragons
  Louise (Spider:3)
  4 ghost moths
  3 deep elf elementalists (Elf:3)
  An orc warlord (Vaults:4)
  3 curse skulls
  7 ghouls
  3 reapers
  4 spectral caustic shrikes (Depths:3)
  A caustic shrike skeleton (Depths:1)
  21 ironbound preservers
  3 war gargoyles (Vaults:5)
  3 spriggan defenders (Depths:2)
  A broodmother (Spider:3)
  A juggernaut skeleton (Crypt:1)
  12 vampire knights
  8 very ugly things
  12 stone giants
  5 eleionomae
  2 green draconians (Depths:4)
  6 ironbound thunderhulks
  9 deep elf demonologists
  12 deep elf annihilators
  3 bunyips
  8 spark wasps
  9 dire elephants
  A white draconian (Depths:3)
  The ghost of Afrar the Peltast, a journeyman FoFi of Okawaru (D:12)
  6 ettins
  3 blizzard demons
  11 deep elf death magi
  9 jiangshi
  A very ugly thing zombie (Depths:2)
  4 eidola
  2 quicksilver dragon zombies
  9 fire dragons
  4 great orbs of eyes
  7 entropy weavers
  13 yaktaur captains
  Harold (D:11)
  Fannar (Orc:1)
  2 deep elf high priests (Elf:3)
  An ice dragon (Depths:3)
  A shambling mangrove (Swamp:1)
  A catoblepas (shapeshifter) (Depths:4)
  2 ghost crabs
  20 hydras
  3 rakshasas
  4 salamander tyrants
  9 ironbound frosthearts
  2 peacekeepers (Vaults:3)
  15 centaur warriors
  A catoblepas (Lair:5)
  32 vault guards
  3 ogre magi (Vaults:5)
  7 boulder beetles
  6 jorogumos
  3 death knights
  Erica (D:8)
  4 alligators
  4 spriggan air magi
  2 radroaches
  7 two-headed ogres
  4 deep troll shamans
  9 death yaks
  2 naga warriors
  5 tengu warriors
  A spriggan berserker (Swamp:3)
  8 vampire magi
  15 dancing weapons
  20 deep elf knights
  A naga sharpshooter (Zig:5)
  A shock serpent (shapeshifter) (Zig:3)
  3 orc high priests
  Urug (D:12)
  A thrashing horror (Abyss:2)
  6 deep troll earth magi
  5 iron trolls
  4 soul eaters
  2 wretched stars (Abyss:2)
  6 hell knights
  3 sun demons (Depths:1)
  2 skysharks
  4 sun moths
  7 pharaoh ants
  A salamander mystic (Zig:10)
  A storm dragon skeleton (Depths:2)
  A spark wasp zombie (Depths:2)
  2 sixfirhies
  A golden dragon zombie (Depths:1)
  14 skeletal warriors
  2 iron giant zombies
  2 shadow wraiths
  7 spriggan druids
  Lodul (D:10)
  37 deep trolls
  5 goliath frogs
  5 flayed ghosts
  4 large abominations
  6 lindwurms
  An orb spider (shapeshifter) (Vaults:2)
  A bunyip skeleton (Crypt:3)
  A glowing orange brain (Depths:1)
  A naga ritualist (Zig:10)
  7 wizards
  14 orb spiders
  2 orange crystal statues (D:14)
  13 deep elf archers
  5 phantasmal warriors
  15 bog bodies
  24 deep elf zephyrmancers
  21 ironbound convokers
  11 swamp dragons
  7 steelbarb worms
  3 harpies (Vaults:2)
  17 necromancers
  A mana viper (Zig:10)
  34 wolf spiders
  3 orc knights
  33 deep elf pyromancers
  3 cyclopes
  A goliath frog skeleton (Crypt:1)
  7 orc sorcerers
  A manticore (D:11)
  6 will-o-the-wisps
  A worldbinder (Abyss:2)
  A manticore (shapeshifter) (Vaults:5)
  7 moths of wrath
  A moth of wrath (shapeshifter) (Vaults:5)
  26 ugly things
  An iron dragon skeleton (Depths:1)
  A stone giant zombie (Vaults:3)
  A rust devil (Depths:2)
  7 black mambas
  Joseph (D:7)
  A naga zombie (Crypt:3)
  4 naga magi
  37 slime creatures
  4 guardian serpents
  3 elephants
  10 demonic crawlers
  20 vault sentinels
  A smoke demon (Abyss:2)
  A centaur zombie (Crypt:3)
  4 torpor snails
  2 unseen horrors
  10 komodo dragons
  Maggie (D:9)
  A cane toad (shapeshifter) (Vaults:5)
  A gargoyle (D:12)
  2 kobold demonologists
  19 cane toads
  2 rime drakes
  A yellow draconian zombie (Crypt:3)
  A hellion (Depths:1)
  A yaktaur (shapeshifter) (Elf:1)
  7 freezing wraiths
  24 yaktaurs
  Psyche (D:8)
  A red draconian zombie (Crypt:3)
  5 guardian mummies (Crypt:3)
  10 tengu conjurers
  A tormentor (Depths:2)
  A bloated husk (Swamp:2)
  10 tyrant leeches
  6 trolls
  4 meliai
  3 polar bears (Lair:4)
  2 red devils (Depths:2)
  14 hornets
  A hellwing (Depths:2)
  30 tarantellas
  A mana viper skeleton (Crypt:2)
  2 guardian serpent zombies (Zig:10)
  An alligator zombie (Crypt:3)
  31 blink frogs
  5 raiju
  Prince Ribbit (D:9)
  A fire giant simulacrum (Vaults:3)
  32 jumping spiders
  12 dream sheep
  2 flying skulls (Crypt:3)
  An ice dragon zombie (Crypt:1)
  A satyr skeleton (Crypt:3)
  3 spriggan skeletons
  A centaur simulacrum (Crypt:3)
  18 culicivoras
  An ice dragon skeleton (Crypt:2)
  2 shadows
  15 spriggans
  3 ynoxinuls (Abyss:2)
  A culicivora (shapeshifter) (D:13)
  3 vampires (Crypt:3)
  8 water elementals
  A naga simulacrum (Crypt:3)
  5 air elementals
  9 wyverns
  34 yaks
  Grum (D:8)
  9 wraiths
  8 starcursed masses (Abyss:2)
  6 fire elementals
  A black mamba skeleton (Crypt:3)
  4 steam dragons
  3 chaos spawn (Abyss:2)
  15 vampire mosquitoes
  2 basilisks
  75 redbacks
  A redback (shapeshifter) (Elf:3)
  2 small abominations (Abyss:2)
  A neqoxec (Abyss:2)
  A naga (Abyss:2)
  A two-headed ogre zombie (Crypt:2)
  12 swamp worms
  3 acid dragons
  2 wargs
  13 water moccasins
  3 nameless horrors
  A faun zombie (Crypt:2)
  A floating eye (Depths:2)
  A glowing shapeshifter skeleton (Crypt:3)
  3 hell hounds (Depths:1)
  10 swamp drakes
  A human skeleton (Vaults:3)
  4 sky beasts
  A black bear (D:7)
  An ettin simulacrum (Crypt:3)
  32 orc warriors
  21 ogres
  7 boggarts
  21 wolves
  6 centaurs
  20 bullfrogs
  4 elf zombies
  3 kobold brigands
  A wyvern zombie (Crypt:1)
  4 earth elementals
  5 necrophages
  3 scorpions
  A glowing shapeshifter simulacrum (Depths:1)
  3 gnoll sergeants
  A cyclops zombie (Crypt:3)
  5 wights
  10 killer bees
  4 electric eels
  3 howler monkeys
  A jelly (D:7)
  A quasit (Abyss:2)
  A centaur skeleton (Crypt:1)
  A wolf skeleton (Crypt:1)
  A gnoll bouda (D:7)
  17 orc priests
  A sleepcap (D:7)
  An iguana (D:5)
  31 orc wizards
  9 hell rats
  A killer bee zombie (Crypt:2)
  7 mummies (Crypt:3)
  Robin (D:3)
  25 gnolls
  5 adders
  A river rat (D:7)
  A river rat (shapeshifter) (Vaults:5)
  A shadow imp (D:8)
  12 white imps (D:12)
  An ufetubus (Abyss:2)
  An adder zombie (Crypt:1)
  A lava snake skeleton (Crypt:3)
  3 dart slugs
  67 orcs
  2 bats
  8 endoplasms
  2 giant cockroaches (D:3)
  22 goblins
  7 hobgoblins
  2 jackals (D:3)
  3 quokkas
  7 ball pythons
  4 frilled lizards
  A jackal skeleton (Crypt:2)
  A jackal zombie (Crypt:3)
  14 kobolds
  7 rats
  A butterfly (Lair:5)
2007 creatures vanquished.

Vanquished Creatures (collateral kills)
  Jorgrun (Swamp:1)
  A tentacled monstrosity (Vaults:5)
  2 liches
  A titan (Vaults:5)
  3 storm dragons
  A tengu reaver (Vaults:5)
  2 emperor scorpions (Spider:4)
  An iron dragon (Vaults:5)
  A draconian scorcher (Zot:1)
  A spectral caustic shrike (Depths:3)
  A frost giant (Vaults:5)
  A cacodemon (Hell)
  A demonspawn blood saint (Zig:8)
  2 ironbound thunderhulks (Vaults:4)
  A stone giant (Vaults:5)
  A very ugly thing (Depths:2)
  2 war gargoyles (Vaults:5)
  A vampire knight (Depths:4)
  An eleionoma (Swamp:2)
  A white draconian (Zot:1)
  A dire elephant (Vaults:4)
  A yellow draconian (Depths:4)
  A spark wasp (Spider:2)
  A green death (Hell)
  A deep elf death mage (Elf:3)
  A shambling mangrove (Zig:7)
  A yaktaur captain (Vaults:5)
  An ice dragon (Hell)
  7 vault guards
  A salamander tyrant (Zig:5)
  A spriggan air mage (Zig:6)
  An ogre mage (Vaults:4)
  2 deep troll shamans (Depths:4)
  A two-headed ogre (D:9)
  2 spriggan berserkers (Depths:4)
  2 sun demons (Hell)
  6 hell knights
  An orc high priest (Orc:2)
  2 shock serpents (Zig:10)
  A naga sharpshooter (Zig:5)
  A salamander mystic (Zig:10)
  3 iron trolls
  A glowing orange brain (Depths:1)
  2 deep trolls
  A shadow demon (Zig:8)
  A naga ritualist (Zig:5)
  A swamp dragon (Zig:4)
  An anaconda skeleton (Hell)
  3 ironbound convokers
  3 orc knights
  2 ugly things
  A deep elf zephyrmancer (Elf:1)
  An eleionoma zombie (Crypt:2)
  A necromancer (Hell)
  A salamander (Depths:4)
  A cyclops (Zig:9)
  An orc sorcerer (Zig:9)
  2 wolf spiders
  A moth of wrath (Spider:3)
  A guardian serpent (Zig:5)
  A vault sentinel (Vaults:5)
  An orange demon (Zig:8)
  A spriggan zombie (Hell)
  A hellion (Hell)
  3 yaktaurs (Vaults:4)
  3 freezing wraiths
  A meliai (shapeshifter) (Vaults:5)
  2 meliai (Spider:2)
  6 tarantellas (Spider:3)
  A slime creature (Vaults:3)
  A jumping spider (Spider:2)
  A culicivora (Spider:4)
  A water elemental (Hell)
  2 redbacks (Spider:4)
  2 wargs (Zig:9)
  A naga (Zig:10)
  A hydra simulacrum (Hell)
  A salamander zombie (Zig:10)
  5 orc warriors
  An ogre (Orc:1)
  2 orc priests
  5 orcs
133 creatures vanquished.

Vanquished Creatures (others)
  A tentacled monstrosity (Vaults:5)
  A titan (Vaults:5)
  A sphinx (Vaults:4)
  2 ancient champions (Crypt:3)
  A tengu reaver (Vaults:5)
  2 vault wardens (Vaults:4)
  2 ironbound preservers
  A war gargoyle (Vaults:4)
  A demonspawn blood saint (Zig:8)
  A very ugly thing zombie (Depths:2)
  An ettin (Depths:4)
  A jiangshi (Crypt:3)
  3 yaktaur captains
  4 vault guards (Vaults:5)
  A hydra (Zig:4)
  A deep troll shaman (Depths:1)
  A two-headed ogre (Vaults:4)
  An orc high priest (Zig:2)
  A titan zombie (Depths:2)
  A shock serpent (Zig:6)
  3 deep elf knights
  A shadow wraith (Crypt:3)
  A storm dragon zombie (Vaults:5)
  A goliath frog (Swamp:2)
  A golden dragon zombie (Vaults:5)
  4 skeletal warriors (Crypt:3)
  A deep troll (Vaults:3)
  An ironbound convoker (Vaults:4)
  3 ugly thing zombies
  2 wizards
  A draconian zombie (Depths:4)
  A tengu zombie (Vaults:5)
  2 wolf spider zombies
  A stone giant zombie (Vaults:5)
  An ugly thing (Vaults:4)
  An iron dragon zombie (Vaults:5)
  2 dire elephant zombies (Vaults:4)
  A black mamba (Zig:10)
  2 shock serpent zombies
  A vault sentinel (Vaults:5)
  An elf zombie (Vaults:5)
  2 orc zombies (Vaults:4)
  23 human zombies
  2 spriggan zombies
  A freezing wraith (Vaults:5)
  A yellow draconian zombie (Depths:4)
  4 bloated husks
  A tyrant leech (Zig:4)
  2 ettin zombies (Depths:4)
  A guardian serpent zombie (Zig:5)
  3 black mamba zombies (Zig:10)
  A wraith (Crypt:1)
  A flying skull (Crypt:3)
  A jumping spider (Spider:4)
  6 slime creature zombies (Vaults:3)
  12 deep troll zombies
  A cane toad zombie (Vaults:5)
  A two-headed ogre zombie (Vaults:4)
  4 naga zombies
  2 ogres
  2 salamander zombies
  11 yaktaur zombies (Vaults:4)
  A necrophage (Crypt:3)
  A cyclops zombie (Zig:9)
  A troll zombie (Zig:9)
  2 warg zombies (Zig:9)
  A raiju skeleton (Crypt:1)
  3 hell rats (Hell)
  3 ogre zombies
  3 bushes
  12 foxfires
  42 fungi
  133 plants
  2 snaplasher vines
346 creatures vanquished.

Grand Total: 2486 creatures vanquished

Notes
Turn   | Place    | Note
-------+----------+-------------------------------------------
     0 | D:1      | dolemite99 the Minotaur Fighter began the quest for the
                  | Orb.
     0 | D:1      | Reached XP level 1. HP: 19/19 MP: 0/0
   297 | D:1      | Reached XP level 2. HP: 14/26 MP: 1/1
   931 | D:1      | Reached XP level 3. HP: 31/31 MP: 2/2
  1229 | D:1      | Found a faded altar of an unknown god.
  1260 | D:1      | Prayed at the altar of an unknown god.
  1260 | D:1      | Became a worshipper of Ashenzari the Shackled
  1456 | D:2      | Found a blossoming altar of Fedhas.
  1773 | D:2      | Reached skill level 5 in Long Blades
  1872 | D:2      | Reached XP level 4. HP: 25/39 MP: 3/3
  2277 | D:2      | Reached * piety under Ashenzari
  3017 | D:3      | Noticed Robin
  3042 | D:3      | Killed Robin
  3047 | D:3      | Reached XP level 5. HP: 32/41 MP: 4/4
  3375 | D:3      | You fall into a shaft and drop 1 floor!
  3421 | D:5      | Entered Level 5 of the Dungeon
  3477 | D:4      | Found a basalt altar of Yredelemnul.
  3507 | D:4      | Reached ** piety under Ashenzari
  3650 | D:3      | Found an ancient bone altar of Kikubaaqudgha.
  3662 | D:3      | Found a stormy altar of Qazlal.
  3662 | D:3      | Found a stormy altar of Qazlal.
  3664 | D:3      | Found a blossoming altar of Fedhas.
  3664 | D:3      | Found a shimmering altar of Xom.
  3664 | D:3      | Found a broken altar of Ashenzari.
  3762 | D:3      | Found Omol's Magic Scroll Shoppe.
  3765 | D:3      | Bought a scroll of brand weapon for 95 gold pieces
  4210 | D:4      | Identified the ring of Loack {rElec MP+9 Str+6 Int+3 Dex+2}
  4362 | D:5      | Reached skill level 1 in Throwing
  4362 | D:5      | Reached XP level 6. HP: 53/53 MP: 5/5
  4400 | D:5      | Noticed a water moccasin
  4408 | D:5      | Killed a water moccasin
  4539 | D:3      | Bought a scroll of fog for 40 gold pieces
  4539 | D:3      | Bought a scroll of teleportation for 30 gold pieces
  4822 | D:5      | Reached XP level 7. HP: 60/60 MP: 6/6
  5135 | D:6      | Found a staircase to the Ecumenical Temple.
  5158 | Temple   | Entered the Ecumenical Temple
  5397 | D:6      | Reached skill level 5 in Throwing
  5661 | D:7      | Noticed Joseph
  5668 | D:7      | Killed Joseph
  5669 | D:7      | Reached XP level 8. HP: 65/67 MP: 7/7
  5700 | D:7      | Reached skill level 4 in Fighting
  5893 | D:7      | Reached skill level 5 in Fighting
  5957 | D:7      | Learned a level 3 spell: Summon Guardian Golem
  5990 | D:7      | Found a runed translucent gate.
  5990 | D:7      | Found a runed translucent gate.
  5990 | D:7      | Found a runed translucent gate.
  6012 | D:7      | Reached skill level 6 in Fighting
  6080 | D:7      | Reached skill level 7 in Fighting
  6094 | D:7      | Reached skill level 8 in Fighting
  6098 | D:7      | Identified the cursed +2 pair of boots of Ouranomancy
                  | {Bglg, Elem} (You found it on level 1 of the Dungeon)
  7015 | D:7      | Reached skill level 5 in Armour
  7116 | D:7      | Reached XP level 9. HP: 80/85 MP: 8/8
  7281 | D:7      | Noticed Kazon's ghost (novice DsGl)
  7328 | D:8      | Noticed Erica
  7330 | D:8      | Noticed Psyche
  7692 | D:8      | Reached skill level 1 in Dodging
  8007 | D:8      | Reached skill level 5 in Dodging
  8025 | D:8      | Killed Erica
  8026 | D:8      | Reached XP level 10. HP: 92/92 MP: 9/9
  8108 | D:8      | Killed Psyche
  8109 | D:8      | Reached skill level 1 in Stealth
  8316 | D:8      | Noticed Grum
  8336 | D:8      | Killed Grum
  8969 | D:8      | Reached skill level 5 in Stealth
  9049 | D:8      | Found a shadowy altar of Dithmenos.
  9049 | D:8      | Found a snail-covered altar of Cheibriados.
  9350 | D:3      | Bought a scroll of summoning for 95 gold pieces
  9350 | D:3      | Bought a scroll of summoning for 95 gold pieces
  9484 | D:9      | Noticed Prince Ribbit
  9500 | D:9      | Killed Prince Ribbit
  9546 | D:9      | Noticed a two-headed ogre
  9557 | D:9      | Killed a two-headed ogre
  9847 | D:9      | Noticed Maggie
  9858 | D:9      | Killed Maggie
 10012 | D:9      | Found a staircase to the Lair.
 10145 | D:9      | Identified the +2 robe of Disguise {rPois rN+}
 10326 | D:9      | Reached *** piety under Ashenzari
 10333 | D:9      | Found Unenwah's Tiny Tomes.
 10394 | D:9      | Noticed a boulder beetle
 10413 | D:9      | Killed a boulder beetle
 10414 | D:9      | Reached XP level 11. HP: 52/99 MP: 10/10
 10780 | D:9      | Noticed a centaur warrior
 10796 | D:9      | Killed a centaur warrior
 10797 | D:9      | Identified the quicksilver dragon scales of the Everdark
                  | {Will+ Str+3}
 10797 | D:9      | Noticed a centaur warrior
 10813 | D:9      | Killed a centaur warrior
 11030 | Lair:1   | Entered Level 1 of the Lair of Beasts
 11180 | Lair:1   | Reached skill level 9 in Fighting
 11418 | Lair:1   | Reached skill level 10 in Fighting
 11431 | Lair:1   | Noticed a death yak
 11431 | Lair:1   | Noticed a death yak
 11433 | Lair:1   | Noticed a death yak
 11434 | Lair:1   | Noticed a death yak
 11490 | Lair:1   | Killed a death yak
 11497 | Lair:1   | Killed a death yak
 11505 | Lair:1   | Killed a death yak
 11664 | Lair:1   | Learned a level 3 spell: Vhi's Electric Charge
 11701 | Lair:1   | You fall into a shaft and drop 1 floor!
 11799 | Lair:2   | Found a hole to the Spider Nest.
 11799 | Lair:2   | Noticed an orb spider
 11809 | Lair:2   | Killed an orb spider
 11831 | Lair:2   | Reached **** piety under Ashenzari
 11912 | Lair:2   | Reached skill level 10 in Long Blades
 12050 | Lair:2   | Reached XP level 12. HP: 85/113 MP: 11/11
 12530 | Lair:2   | Noticed Gastronok
 12675 | Lair:2   | Killed Gastronok
 14704 | Lair:3   | Found a staircase to the Swamp.
 16464 | Lair:4   | Reached skill level 10 in Stealth
 16480 | Lair:4   | Noticed a death yak
 16480 | Lair:4   | Noticed a death yak
 16480 | Lair:4   | Noticed a death yak
 16480 | Lair:4   | Noticed a death yak
 16481 | Lair:4   | Noticed a death yak
 16500 | Lair:4   | Killed a death yak
 16501 | Lair:4   | Reached XP level 13. HP: 115/119 MP: 12/12
 16729 | Lair:4   | Found a staircase to the Slime Pits.
 16729 | Lair:4   | Found a viscous altar of Jiyva.
 16950 | Lair:5   | Entered Level 5 of the Lair of Beasts
 17819 | Lair:4   | Reached skill level 10 in Throwing
 18098 | Lair:5   | Reached skill level 11 in Fighting
 18609 | Lair:4   | Reached skill level 12 in Fighting
 18743 | Lair:4   | Reached skill level 13 in Fighting
 19305 | Lair:5   | Reached skill level 14 in Fighting
 19525 | Lair:5   | Reached XP level 14. HP: 116/140 MP: 13/13
 19964 | Lair:5   | Identified Sif Muna's Directory of Pneumatic Rallying
 20134 | Lair:5   | Reached skill level 15 in Fighting
 21362 | D:10     | Entered Level 10 of the Dungeon
 21386 | D:10     | Noticed Lodul
 21399 | D:10     | Killed Lodul
 21646 | D:10     | Found a flagged portal.
 21661 | Bailey   | Entered a bailey
 22951 | D:11     | Noticed Harold
 22959 | D:11     | Killed Harold
 23109 | D:11     | Found a staircase to the Orcish Mines.
 23374 | D:11     | Reached skill level 10 in Dodging
 23723 | D:12     | Found a frozen archway.
 24015 | D:12     | Found an opulent altar of Gozag.
 24101 | D:12     | Found a runed translucent gate.
 24101 | D:12     | Found a runed translucent gate.
 24101 | D:12     | Found a runed translucent gate.
 24102 | D:12     | Noticed Afrar's ghost (journeyman FoFi)
 24157 | D:12     | Killed Afrar's ghost
 24272 | D:12     | Noticed Urug
 24286 | D:12     | Killed Urug
 24552 | Orc:1    | Entered Level 1 of the Orcish Mines
 24581 | Orc:1    | Noticed Fannar
 24604 | Orc:1    | Killed Fannar
 24945 | Orc:2    | Entered Level 2 of the Orcish Mines
 25266 | Orc:2    | Gained mutation: You do not regenerate when monsters are
                  | visible. [a neqoxec]
 25267 | Orc:2    | Gained mutation: Your magical capacity is low. (-10% MP) [a
                  | neqoxec]
 25507 | Orc:2    | Found Kossus's Antique Weapon Boutique.
 25508 | Orc:2    | Found Civoh's Book Boutique.
 25509 | Orc:2    | Found Viytaali's Book Shop.
 25513 | Orc:2    | Found Arresec's Antique Weapon Shop.
 25534 | Orc:2    | Paralysed by an orc sorcerer for 4 turns
 25813 | Orc:2    | Bought the Anthology of the Dimensional Throng for 768 gold
                  | pieces
 25817 | Orc:2    | Learned a level 2 spell: Blink
 25876 | Orc:2    | Found a staircase to the Elven Halls.
 26945 | D:13     | Reached XP level 15. HP: 150/150 MP: 12/12
 27246 | D:13     | Identified the ring of the Sky {rC+ Will- Dex+5}
 27461 | D:13     | Reached skill level 10 in Armour
 27528 | D:13     | Found a gate to the Vaults.
 28219 | D:14     | Reached skill level 5 in Shields
 28660 | D:15     | Entered Level 15 of the Dungeon
 29816 | D:15     | Found a staircase to the Depths.
 29887 | D:15     | Reached skill level 1 in Translocations
 30180 | D:15     | Reached ***** piety under Ashenzari
 30654 | Elf:1    | Entered Level 1 of the Elven Halls
 30903 | Elf:1    | Paralysed by an air elemental for 1 turns
 31265 | Elf:1    | Reached skill level 5 in Translocations
 31294 | Elf:1    | Reached skill level 1 in Evocations
 31312 | Elf:1    | Noticed Roxanne
 31897 | Elf:1    | Killed Roxanne
 31898 | Elf:1    | Reached skill level 5 in Evocations
 31943 | Elf:1    | Reached XP level 16. HP: 153/159 MP: 13/13
 32575 | Abyss:2  | Cast into level 2 of the Abyss (+1 halberd of distortion)
 32846 | Abyss:2  | Noticed a bone dragon
 32869 | Abyss:2  | Killed a bone dragon
 32932 | Abyss:2  | Noticed a lich
 32976 | Abyss:2  | Reached skill level 1 in Spellcasting
 33028 | Abyss:2  | Found a corrupted altar of Lugonu.
 33032 | Abyss:2  | Noticed a lich
 33043 | Abyss:2  | Killed a lich
 33070 | Abyss:2  | Found a corrupted altar of Lugonu.
 33070 | Abyss:2  | Found a corrupted altar of Lugonu.
 33249 | Abyss:2  | Noticed a tentacled starspawn
 33314 | Elf:1    | Escaped the Abyss
 33726 | Elf:2    | Paralysed by an air elemental for 1 turns
 33730 | Elf:2    | Paralysed by an air elemental for 1 turns
 33734 | Elf:2    | Paralysed by an air elemental for 1 turns
 33736 | Elf:2    | Paralysed by an air elemental for 1 turns
 34686 | Elf:2    | Found Qehid's Weapon Emporium.
 34702 | Elf:2    | Reached skill level 5 in Spellcasting
 34798 | Elf:2    | Identified the +10 war axe of the Forgotten Tales {drain,
                  | Will+}
 34859 | Elf:3    | Entered Level 3 of the Elven Halls
 35801 | Elf:1    | Paralysed by an air elemental for 1 turns
 36479 | Elf:1    | Identified Kikubaaqudgha's Atlas of Mortification
 37176 | Elf:2    | Found a runed translucent gate.
 37179 | Elf:2    | Found a runed translucent gate.
 37179 | Elf:2    | Found a runed translucent gate.
 37656 | Elf:3    | Reached XP level 17. HP: 166/166 MP: 27/27
 37662 | Elf:3    | Found a portal to a secret trove of treasure.
 38572 | Elf:3    | Found Aloask's Weapon Emporium.
 38576 | Elf:3    | Found Adisuf's Book Shoppe.
 38577 | Elf:3    | Found Lalab's Magic Scroll Emporium.
 38584 | Elf:3    | Bought a scroll of fear for 48 gold pieces
 38584 | Elf:3    | Bought a scroll of fog for 48 gold pieces
 38584 | Elf:3    | Bought a scroll of enchant armour for 90 gold pieces
 39248 | Elf:3    | Reached skill level 16 in Fighting
 40176 | Elf:3    | Noticed a deep elf blademaster
 40185 | Elf:3    | Killed a deep elf blademaster
 40191 | Elf:3    | Identified the +11 trident "Fuapanif" {flame, Stlth+}
 40729 | Elf:3    | Noticed a deep elf master archer
 40743 | Elf:3    | Killed a deep elf master archer
 40744 | Elf:3    | Reached skill level 17 in Fighting
 40750 | Elf:3    | Noticed a Brimstone Fiend
 40752 | Elf:3    | Noticed an Ice Fiend
 40764 | Elf:3    | Found the +0 mask of the Dragon {Will+ Slay+3 SInv}
 40764 | Elf:3    | Identified the Annotations on Prime Transformation
 40764 | Elf:3    | Identified Ponlimip's Codex of Gusts
 40794 | Elf:3    | Noticed an Ice Fiend
 40797 | Elf:3    | Noticed a Brimstone Fiend
 41577 | Elf:3    | Noticed a Tzitzimitl
 41582 | Elf:3    | Noticed an Ice Fiend
 42056 | Elf:3    | Noticed a deep elf blademaster
 42059 | Elf:3    | Identified the ring of Patirh Tairu {+Blink rElec rPois
                  | Int-4 Dex+6}
 42084 | Elf:3    | Killed a deep elf blademaster
 42897 | Elf:3    | Reached skill level 18 in Fighting
 43466 | Elf:3    | Identified the +0 robe of the Dungeon {*Corrode Int+5}
 44387 | Elf:3    | Noticed a deep elf master archer
 44397 | Elf:3    | Killed a deep elf master archer
 45010 | Spider:1 | Entered Level 1 of the Spider Nest
 45493 | Swamp:1  | Entered Level 1 of the Swamp
 45493 | Swamp:1  | Identified the +3 fire dragon scales of Ylimu {rF++ rC-
                  | Int+3 Slay+3}
 45787 | Swamp:1  | Noticed Jorgrun
 45799 | Swamp:1  | Killed Jorgrun
 46265 | Swamp:1  | Identified the +1 scale mail of Summer {+Inv}
 47254 | Swamp:2  | Identified the +0 pair of gloves of the Lair of Beasts
                  | {Rampage rN+ rCorr SInv}
 47254 | Swamp:2  | Noticed Nikola
 47257 | Swamp:2  | Reached XP level 18. HP: 178/178 MP: 27/27
 47262 | Swamp:2  | Learned a level 3 spell: Swiftness
 47275 | Swamp:2  | Killed Nikola
 47345 | Swamp:2  | Reached skill level 10 in Shields
 47788 | Swamp:2  | Reached XP level 19. HP: 151/184 MP: 28/28
 48458 | Swamp:2  | Reached skill level 5 in Air Magic
 49597 | Swamp:3  | Identified the +1 ring mail "Zyclaiv" {Harm rPois Int-2
                  | SInv}
 49948 | Swamp:4  | Entered Level 4 of the Swamp
 53598 | Swamp:4  | Noticed the 27-headed Lernaean hydra
 53609 | Swamp:4  | Killed the 24-headed Lernaean hydra
 53795 | Swamp:4  | Got a decaying rune of Zot
 53848 | Swamp:4  | Identified the +1 broad axe of the Present {spect, Fly
                  | rPois MP+9 Str-4}
 54185 | Vaults:1 | Entered Level 1 of the Vaults
 54242 | Vaults:1 | Reached skill level 10 in Evocations
 59784 | Spider:2 | Reached XP level 20. HP: 180/195 MP: 29/29
 60223 | Spider:2 | Identified a scroll of acquirement
 60234 | Spider:2 | Noticed Mlioglotl
 60246 | Spider:2 | Killed Mlioglotl
 60897 | Spider:2 | Acquired 861 gold pieces
 60936 | Spider:3 | Identified the orb "Ymabut" {guile, rF- Str+5}
 61227 | Spider:3 | Identified the +4 arbalest of Wu Jian, Muttering {drain,
                  | rC+ Str+2 Dex+5}
 62584 | Spider:3 | Noticed Louise
 62592 | Spider:3 | Killed Louise
 63206 | Spider:3 | Noticed Aizul
 63222 | Spider:3 | Killed Aizul
 63479 | Spider:4 | Entered Level 4 of the Spider Nest
 67245 | Spider:4 | Found the +3 pair of mountain boots {steadfast, rC+}
 67282 | Spider:4 | Reached skill level 15 in Shields
 67313 | Spider:4 | Got a gossamer rune of Zot
 67917 | Vaults:1 | Reached XP level 21. HP: 192/201 MP: 30/30
 68681 | Vaults:1 | Identified the ring of Heefre {Fire rPois Str+2}
 68996 | Vaults:2 | Found Uhaleed's Jewellery Shop.
 69020 | Vaults:2 | Reached skill level 15 in Armour
 69043 | Vaults:2 | Found Anaeb Wus's Antique Armour Shop.
 69060 | Vaults:2 | Found Kuijyfy's Jewellery Emporium.
 69090 | Vaults:2 | Found a flickering gateway to a bazaar.
 69107 | Bazaar   | Entered a bazaar
 69107 | Bazaar   | Found Tocy's Distillery.
 69114 | Bazaar   | Found Doaci's Antique Weapon Shop.
 69119 | Bazaar   | Found Xoxam's Assorted Antiques.
 69154 | Bazaar   | Found Jiddarur's Armour Boutique.
 69160 | Bazaar   | Found Waefay's Assorted Antiques.
 69199 | Bazaar   | Bought a potion of heal wounds for 50 gold pieces
 69199 | Bazaar   | Bought a potion of might for 40 gold pieces
 69199 | Bazaar   | Bought a potion of curing for 30 gold pieces
 69199 | Bazaar   | Bought a potion of curing for 30 gold pieces
 69199 | Bazaar   | Bought 2 potions of heal wounds for 100 gold pieces
 69199 | Bazaar   | Bought a potion of mutation for 80 gold pieces
 69216 | Bazaar   | Bought a scroll of teleportation for 63 gold pieces
 69216 | Bazaar   | Bought a scroll of vulnerability for 84 gold pieces
 69216 | Bazaar   | Bought a scroll of vulnerability for 84 gold pieces
 69216 | Bazaar   | Bought 2 potions of curing for 126 gold pieces
 69216 | Bazaar   | Bought a potion of heal wounds for 105 gold pieces
 69216 | Bazaar   | Bought a wand of iceblast (5) for 252 gold pieces
 69216 | Bazaar   | Bought a wand of paralysis (5) for 252 gold pieces
 69229 | Bazaar   | Bought a potion of ambrosia for 80 gold pieces
 69278 | Vaults:2 | Bought the ring "Xuutt" {Wiz rCorr Str+3 Int+3} for 1104
                  | gold pieces
 69282 | Vaults:2 | Bought the ring "Vucawki" {rC+ rN+} for 724 gold pieces
 70240 | Vaults:2 | Reached skill level 1 in Summonings
 71429 | Vaults:2 | Reached skill level 1 in Necromancy
 72796 | Orc:2    | Bought a book of Death for 704 gold pieces
 72803 | Orc:2    | Learned a level 4 spell: Animate Dead
 73444 | Vaults:3 | Noticed Mara
 73447 | Vaults:3 | Noticed dolemite99's illusion
 73896 | Vaults:3 | Reached skill level 5 in Summonings
 74805 | Depths:1 | Entered Level 1 of the Depths
 74817 | Depths:1 | Found a blossoming altar of Fedhas.
 74838 | Depths:1 | Found a gateway to Hell.
 75098 | Depths:1 | Reached skill level 5 in Necromancy
 75135 | Depths:1 | Found a one-way gateway to a ziggurat.
 75457 | Depths:1 | Reached skill level 1 in Hexes
 76026 | Depths:1 | Identified the +3 leather armour of Death Resistance {rPois
                  | rC++ Int-3 Dex+4}
 76186 | Depths:1 | Reached XP level 22. HP: 184/211 MP: 31/31
 76808 | Depths:2 | Noticed a dread lich
 77635 | Depths:2 | Killed a dread lich
 78281 | Depths:2 | Reached skill level 5 in Hexes
 78551 | Depths:2 | Reached skill level 19 in Fighting
 79009 | Depths:2 | Noticed the Enchantress
 79035 | Depths:2 | Killed the Enchantress
 79882 | Depths:2 | Found a glowing golden altar of the Shining One.
 79934 | Depths:2 | Reached skill level 20 in Fighting
 80495 | Depths:2 | Noticed Asterion
 80512 | Depths:2 | Gained mutation: You are dopey. (Int -2) [a cacodemon]
 80515 | Depths:2 | Killed Asterion
 80937 | Depths:2 | Identified Khufu's Disquisition on the Morgue
 81056 | Depths:2 | Found a one-way gate leading to the halls of Pandemonium.
 81158 | Depths:2 | Found an iron altar of Okawaru.
 81874 | Depths:2 | Acquired the +8 autumn katana {manifold assault}
 81874 | Depths:2 | Found the +8 autumn katana {manifold assault}
 81969 | Depths:3 | Identified the +8 arbalest "Kyav Enu" {freeze, rPois Dex+3}
 81974 | Depths:3 | Found a one-way gate to the infinite horrors of the Abyss.
 83041 | Depths:4 | Entered Level 4 of the Depths
 83484 | Depths:4 | Reached XP level 23. HP: 194/223 MP: 31/32
 84477 | Depths:4 | Found a sparkling altar of Nemelex Xobeh.
 84990 | Depths:4 | Found a gate to the Realm of Zot.
 85451 | Depths:4 | Found Tiunt's Jewellery Emporium.
 85451 | Depths:4 | Found Loneph's Book Boutique.
 85452 | Depths:4 | Found Zecocs's Jewellery Emporium.
 85562 | Depths:4 | Bought a ring of protection from fire for 250 gold pieces
 85572 | Depths:4 | Bought a ring of willpower for 250 gold pieces
 85942 | D:11     | Learned a level 1 spell: Apportation
 88172 | Vaults:3 | Identified the ring "Xocw" {Contam rC+ rN++ Int+6}
 88490 | Vaults:3 | Found a staircase to the Crypt.
 88927 | Vaults:4 | Identified the +4 morningstar of Xypruh {freeze, Str+7}
 89049 | Vaults:4 | Found Gozag's Antique Weapon Emporium.
 89051 | Vaults:4 | Found Gozag's Assorted Antiques.
 89077 | Vaults:4 | Found an opulent altar of Gozag.
 89568 | Vaults:4 | Bought a scroll of summoning for 950 gold pieces
 89568 | Vaults:4 | Bought a scroll of teleportation for 300 gold pieces
 89589 | Vaults:4 | Found Gozag's Antique Armour Emporium.
 89712 | Vaults:4 | a stone giant changed into a caustic shrike
 89712 | Vaults:4 | Noticed a caustic shrike (glowing shapeshifter)
 89715 | Vaults:4 | a caustic shrike changed into a golden dragon
 90685 | Vaults:5 | Entered Level 5 of the Vaults
 91215 | Vaults:5 | Got a silver rune of Zot
 91229 | Vaults:5 | Noticed a dread lich
 91240 | Vaults:5 | Killed a dread lich
 91657 | Vaults:5 | Reached skill level 21 in Fighting
 92641 | Vaults:5 | Reached XP level 24. HP: 235/235 MP: 32/32
 92716 | Vaults:5 | Reached skill level 15 in Dodging
 93057 | Vaults:5 | Identified the +9 sling of Purev {freeze, rN+ Stlth+}
 93757 | Vaults:5 | Found Etson's Distillery.
 93769 | Vaults:5 | Found Habe's Distillery.
 93786 | Vaults:5 | Found Veteko Boem's Magic Scroll Emporium.
 93807 | Vaults:5 | Found Sifun's Distillery.
 93807 | Vaults:5 | Found Reojinio's Magic Scroll Boutique.
 93863 | Vaults:5 | Identified the +0 falchion "Deth" {freeze, rC+}
 93867 | Vaults:5 | Identified the +2 scimitar of Megalomania {venom, Int+3
                  | Dex+3 SInv}
 93867 | Vaults:5 | Identified the +1 hand axe "Cittaiv" {pain, Str+4}
 94575 | Vaults:5 | Identified the +1 trident of Guex Xynn {spect, rPois Str+5}
 94759 | Vaults:5 | Bought a scroll of summoning for 180 gold pieces
 94759 | Vaults:5 | Bought 3 scrolls of teleportation for 171 gold pieces
 94759 | Vaults:5 | Bought a scroll of fog for 76 gold pieces
 94759 | Vaults:5 | Bought a scroll of poison for 76 gold pieces
 95779 | D:3      | Bought a scroll of enchant armour for 75 gold pieces
 96187 | Crypt:1  | Entered Level 1 of the Crypt
 97257 | Crypt:1  | Found the +18 shield of the Gong {Loud rN+ Will+ rCorr
                  | EV-5}
 98239 | Crypt:2  | Identified the +8 morningstar of the Wraith {distort,
                  | +Blink rPois Int-4 Dex+3}
 98303 | Crypt:2  | Reached skill level 22 in Fighting
 98770 | Crypt:3  | Entered Level 3 of the Crypt
 99176 | Crypt:3  | Learned a level 4 spell: Summon Lightning Spire
 99182 | Crypt:3  | Learned a level 5 spell: Summon Forest
100168 | Crypt:3  | Found a staircase to the Tomb.
101034 | Crypt:3  | Reached XP level 25. HP: 232/247 MP: 32/32
101737 | Crypt:3  | Identified the +9 rapier of Teadut {flame, Fly Str+2 Int+4}
101737 | Crypt:3  | Noticed a royal mummy
101770 | Crypt:3  | Killed a royal mummy
102338 | Crypt:3  | Found an ancient bone altar of Kikubaaqudgha.
102344 | Crypt:3  | Found a basalt altar of Yredelemnul.
102349 | Crypt:3  | Identified the +2 quarterstaff of Gluttony {pain, Str+2}
102350 | Crypt:3  | Found the +8 Vampire's Tooth {megavamp}
102398 | Crypt:3  | Identified the +6 quarterstaff "Quuhim" {freeze, *Corrode
                  | rPois rF++ rC-}
102398 | Crypt:3  | Identified the ring "Toiruul" {rN+ Dex+4 Stlth+}
102398 | Crypt:3  | Identified the ring of Bilecuad {rF+ rN+ MP+9}
102919 | Hell     | Entered the Vestibule of Hell
102919 | Hell     | Noticed Geryon
103330 | Hell     | Noticed Murray
104949 | Zig:1    | Entered Level 1 of a ziggurat
105072 | Zig:2    | Entered Level 2 of a ziggurat
105297 | Zig:3    | Entered Level 3 of a ziggurat
105439 | Zig:4    | Entered Level 4 of a ziggurat
105441 | Zig:4    | Identified the amulet of Res Nullius {Acrobat rN+ Dex+3}
105735 | Zig:5    | Entered Level 5 of a ziggurat
106004 | Zig:6    | Entered Level 6 of a ziggurat
106173 | Zig:6    | Found the +8 demon trident "Rift" {distort, reach+}
106209 | Zig:7    | Entered Level 7 of a ziggurat
106685 | Zig:8    | Entered Level 8 of a ziggurat
106695 | Zig:8    | Noticed Jogyxt the pandemonium lord
106718 | Zig:8    | Killed Jogyxt the pandemonium lord
107291 | Zig:8    | Reached XP level 26. HP: 256/256 MP: 32/32
107316 | Zig:9    | Entered Level 9 of a ziggurat
107322 | Zig:9    | Noticed a juggernaut
107335 | Zig:9    | Killed a juggernaut
107540 | Zig:9    | Identified the +9 morningstar of Upheaval {flame, Will++
                  | Dex-5}
107540 | Zig:9    | Found the +3 greatsling "Punk" {acid, rCorr}
107545 | Zig:9    | Identified the +0 robe "Jatitotixt" {rF+ rC- Str+4}
107755 | Zig:10   | Entered Level 10 of a ziggurat
107781 | Zig:10   | Identified the +0 ring mail of the Lobster {rF+}
107781 | Zig:10   | Identified the +4 trident "Reit" {heavy, *Rage rC++ Int+3}
108454 | Elf:3    | Bought a book of Burglary for 340 gold pieces
108458 | Elf:3    | Learned a level 2 spell: Passwall
109101 | Vaults:5 | Bought a potion of curing for 33 gold pieces
109101 | Vaults:5 | Bought a potion of curing for 33 gold pieces
109101 | Vaults:5 | Bought a potion of curing for 33 gold pieces
109101 | Vaults:5 | Bought 2 potions of curing for 66 gold pieces
109101 | Vaults:5 | Bought a potion of heal wounds for 55 gold pieces
109101 | Vaults:5 | Bought a potion of haste for 110 gold pieces
109101 | Vaults:5 | Bought a potion of berserk rage for 55 gold pieces
109101 | Vaults:5 | Bought a potion of ambrosia for 88 gold pieces
109101 | Vaults:5 | Bought a potion of mutation for 88 gold pieces
109101 | Vaults:5 | Bought a potion of mutation for 88 gold pieces
109119 | Vaults:5 | Bought a potion of haste for 150 gold pieces
109119 | Vaults:5 | Bought 2 potions of curing for 90 gold pieces
109119 | Vaults:5 | Bought a potion of brilliance for 60 gold pieces
109119 | Vaults:5 | Bought a potion of curing for 45 gold pieces
109119 | Vaults:5 | Bought a potion of curing for 45 gold pieces
109119 | Vaults:5 | Bought a potion of curing for 45 gold pieces
109119 | Vaults:5 | Bought a potion of curing for 45 gold pieces
109119 | Vaults:5 | Bought a potion of ambrosia for 120 gold pieces
109119 | Vaults:5 | Bought a potion of ambrosia for 120 gold pieces
109131 | Vaults:5 | Bought a potion of curing for 42 gold pieces
109131 | Vaults:5 | Bought a potion of flight for 42 gold pieces
109131 | Vaults:5 | Bought a potion of curing for 42 gold pieces
109131 | Vaults:5 | Bought a potion of haste for 140 gold pieces
109131 | Vaults:5 | Bought a potion of brilliance for 56 gold pieces
109131 | Vaults:5 | Bought 2 potions of mutation for 224 gold pieces
109131 | Vaults:5 | Bought a potion of flight for 42 gold pieces
109145 | Vaults:5 | Bought a scroll of magic mapping for 82 gold pieces
109505 | Zot:1    | Entered Level 1 of the Realm of Zot
109542 | Zot:1    | Learned a level 4 spell: Anguish
109548 | Zot:1    | Learned a level 5 spell: Summon Mana Viper
109822 | Zot:1    | Reached skill level 1 in Transmutations
110383 | Zot:1    | Killed from afar by a wind drake

Illustrated notes

Levels and vault maps discovered:
D:1:      minmay_arrival_cross, layout_loops_corners,
          ebering_ecumenical_altar_mist, minmay_door_square
D:2:      layout_basic, basic_altar, st_stairs_2, kennysheep_pointless_box
D:3:      layout_basic, doesnt_xom_only_xom, serial_shops,
          nicolae_shop_rolled_up, hangedman_feature_mirror, uniq_robin
D:4:      layout_basic, mainiacjoe_overflow_alcove_4
D:5:      layout_basic
D:6:      layout_rooms, old_standard_altar, temple_fountains, uniq_eustachio
D:7:      layout_gridville, gammafunk_ghost_necromancy,
          kennysheep_big_empty_room, uniq_joseph
D:8:      wad_river_or_something, layout_basic, nicolae_overflow_two_pavilions,
          uniq_grum, uniq_erica, uniq_psyche
D:9:      minmay_tri_box, layout_irregular_city, lair_entry_dummy,
          nicolae_shop_i_like_small_books_too, minmay_holes,
          uniq_prince_ribbit1, uniq_maggie
D:10:     layout_rooms, enter_bailey_5, minmay_puff, uniq_lodul
D:11:     layout_cave_pods, kennysheep_orc_monster_closet_entryway,
          minmay_strange_pillars, uniq_harold
D:12:     layout_gridville, ebering_ghost_rock_garden,
          portal_ice_cave_entry_imps, nicolae_gozag_seed_capital, uniq_urug
D:13:     layout_loops_ring, david_vaults_5, chequers_serial_rivers_large_a,
          serial_park_tiny_2
D:14:     layout_rooms, roderic_serpentine_path, minmay_more_statues
D:15:     hangedman_depths_entry_civil_slaughter, layout_grid_maze,
          serial_park_square2
Temple:   minmay_temple_bridge_d
Lair:1:   layout_chaotic_city, gauntlet_entry_generic
Lair:2:   layout_chaotic_city, nicolae_spider_entry_orb_guardian, uniq_gastronok
Lair:3:   layout_long_grid, minmay_swamp_entry_wisps
Lair:4:   layout_loops_ring, slime_entry_1
Lair:5:   minmay_lair_end_frog_pond, layout_misc_corridors, lemuel_fruit_fields
Swamp:1:  layout_basic_swamp, evilmike_swamp_ruin_house_1, uniq_jorgrun
Swamp:2:  layout_basic_swamp, nicolae_swamp_decorative_isthmus, uniq_nikola
Swamp:3:  layout_basic_swamp, evilmike_swamp_ruin_house_2
Swamp:4:  grunt_swamp_rune_castle, layout_basic_swamp
Spider:1: layout_spider_delve
Spider:2: layout_cave_pods, nicolae_spider_not_touching_you, uniq_mlioglotl
Spider:3: nicolae_spider_hilbert_zone_3 [nicolae_spider_hilbert_4_sides_2_open,
          nicolae_spider_hilbert_3_sides_1_open,
          nicolae_spider_hilbert_3_sides_1_open,
          nicolae_spider_hilbert_3_sides_1_open,
          nicolae_spider_hilbert_3_sides_1_open,
          nicolae_spider_hilbert_4_sides_1_open,
          nicolae_spider_hilbert_4_sides_1_open,
          nicolae_spider_hilbert_4_sides_1_open,
          nicolae_spider_hilbert_4_sides_1_open,
          nicolae_spider_hilbert_4_sides_1_open,
          nicolae_spider_hilbert_4_sides_1_open,
          nicolae_spider_hilbert_4_sides_1_open,
          nicolae_spider_hilbert_4_sides_1_open,
          nicolae_spider_hilbert_3_sides_1_open,
          nicolae_spider_hilbert_3_sides_1_open,
          nicolae_spider_hilbert_3_sides_1_open,
          nicolae_spider_hilbert_3_sides_1_open], guppyfry_hornet_nest,
          uniq_aizul, uniq_louise
Spider:4: grunt_spider_rune_circles, nicolae_spider_world_wide_web
Orc:1:    layout_caves, uniq_fannar
Orc:2:    st_orc_mages, layout_caves, basic_altar
Elf:1:    minmay_the_grid_3x2 [minmay_the_grid_medium_cups,
          minmay_the_grid_garden, minmay_the_grid_expand, minmay_the_grid_eight,
          minmay_the_grid_minigrid_medium, minmay_the_grid_prize_inner_circle],
          layout_loops_corners, mu_enter_wizlab_5, minmay_elf_necromancy,
          uniq_roxanne
Elf:2:    nicolae_elf_blades_crystal_corner, layout_geoelf_diagonals,
          serial_shops, nicolae_shop_stone
Elf:3:    elf_hall, layout_geoelf_octagon, nicolae_trove_entry_crossroad,
          dreamdust_princess_bridge, minmay_shop_star
Vaults:1: nicolae_vaults_what_the_h, vaults_dpeg_hooks, v_pattern_3, v_rooms_6,
          nicolae_vaults_cochlea, nicolae_vaults_network_quinsquares
          [nicolae_vaults_network_quincunx_subvault,
          nicolae_vaults_network_quincunx_subvault,
          nicolae_vaults_network_quincunx_subvault,
          nicolae_vaults_network_quincunx_subvault],
          nicolae_vaults_closet_pinwheel_4,
          nicolae_vaults_offset_grid_hallway_1, nicolae_vaults_tetromino_T_1,
          nicolae_vaults_house_2, nicolae_vaults_double_plus_2,
          nicolae_vaults_network_star, nicolae_vaults_trapezoid_3,
          layout_vaults_omnicross
Vaults:2: nicolae_vaults_double_plus_3, nicolae_vaults_enemy_cabinets,
          vaults_room_octagon, nicolae_vaults_tetromino_T_1,
          nicolae_vaults_closet_pinwheel_4, v_pattern_2,
          nicolae_vaults_ring_of_whatevers, v_misc_19,
          nicolae_vaults_double_plus_2, nicolae_vaults_heist,
          nicolae_vaults_network_periphery, v_misc_15, hangedman_vaults_cutoff,
          layout_vaults_omnibox, serial_shops, bzr_entry_gold, shop, shop,
          nicolae_diamond_shop
Vaults:3: hangedman_vaults_nodes, v_misc_5, nicolae_vaults_six-pack,
          nicolae_vaults_storage_closets_2, dpeg_vaults_monster_box,
          minmay_crypt_entry_simple_round, v_misc_27, layout_vaults_omnigrid,
          uniq_mara
Vaults:4: nicolae_vaults_shrinking_rooms_1, kennysheep_vaults_gozag_temple,
          nicolae_vaults_tetromino_T_2, v_misc_1, v_rooms_4, v_misc_28,
          hangedman_vaults_nails, ontoclasm_vaults_eye, ontoclasm_vaults_idyll,
          vaults_dpeg_doors, nicolae_vaults_tetromino_L_1,
          nicolae_vaults_circle_grid_a, layout_vaults_maze_bifur
Vaults:5: serial_shops
Crypt:1:  layout_gridlike, grunt_crypt_arrival_split, uniq_margery
Crypt:2:  layout_rooms, roderic_lattice_octagonal_star
Crypt:3:  lightli_unholy_cathedral, layout_chaotic_city,
          nicolae_tomb_entry_grand_gallery
Depths:1: layout_roguey, enter_ziggurat_a, hell_entry, fedhas_altar_1,
          kennysheep_generic_room_6, grunt_megastairs_3
Depths:2: cheibrodos_birdhouse, layout_gridlike, okawaru_gym_becter,
          special_room [special_room_morgue], rand_demon_pan_entry_8,
          hell_entry, hangedman_decor_push, tso_oasis_becter,
          infiniplex_staircase_spiral, serial_bayou_shore_a, uniq_enchantress,
          uniq_asterion
Depths:3: minmay_firetagon, layout_gridville, pf_hell_entry_tar_river,
          nicolae_abyss_entry_one_way_or_another
Depths:4: grunt_zot_entry_tricorne, layout_cave_pools,
          nemelex_diamond_rough_becter, pf_vacation_house_of_asmodeus,
          serial_bayou_shore_b, minmay_shop_grove
Hell
Zot:1:    layout_misc_corridors, st_single_dragon_hoard_4, zot_minivault_1

Skill      XL: |  1  2  3  4  5  6  7  8  9 10 11 12 13 14 15 16 17 18 19 20 21 22 23 24 25 26 |
---------------+-------------------------------------------------------------------------------+-----
Long Blades    | 3 4 5 6 7 11 14 | 14.8
Throwing       | 1 4 7 8 10 12 | 12.9
Fighting       | 8 10 14 15 18 20 21 22 | 22.9
Armour         | 5 8 10 12 13 16 21 | 21.1
Dodging        | 6 7 12 14 15 | 15.9
Stealth        | 8 9 10 | 10.9
Shields        | 7 9 10 16 18 | 18.4
Translocations | 5 6 |  6.4
Evocations     | 5 7 11 12 | 12.8
Spellcasting   | 7 8 |  8.5
Air Magic      | 3 4 6 7 8 |  8.3
Summonings     | 6 8 9 |  9.0
Necromancy     | 5 |  5.4
Hexes          | 2 5 7 |  7.2
Transmutations | 2 |  2.7

Action                     |  1- 3 |  4- 6 |  7- 9 | 10-12 | 13-15 | 16-18 | 19-21 | 22-24 | 25-27 || total
---------------------------+-------+-------+-------+-------+-------+-------+-------+-------+-------++-------
  Melee: Long sword        |    62 |   114 |   103 |     1 |       |       |       |       |       ||   280
         Headbutt          |     7 |    22 |    18 |    95 |   269 |   213 |   534 |   657 |   101 ||  1916
         Dagger            |       |    34 |    12 |       |       |    17 |       |       |       ||    63
         Scimitar          |       |       |       |   369 |  1061 |   715 |  1596 |   694 |       ||  4435
         Katana            |       |       |       |       |       |       |       |  1286 |   324 ||  1610
         Quick blade       |       |       |       |       |       |       |       |       |    14 ||    14
  Throw: Javelin           |       |    12 |       |    41 |    17 |       |    17 |    66 |     7 ||   160
         Dart              |       |     5 |    70 |   177 |   169 |    33 |   348 |   123 |       ||   925
         Boomerang         |       |       |       |       |   112 |    70 |   363 |    20 |       ||   565
         Throwing net      |       |       |       |       |       |     3 |     1 |     5 |     1 ||    10
   Cast: Blink             |       |       |       |       |     3 |       |     1 |     2 |     7 ||    13
         Summon Guardian G |       |       |       |       |       |       |    10 |   133 |    25 ||   168
         Animate Dead      |       |       |       |       |       |       |     8 |    41 |     5 ||    54
         Apportation       |       |       |       |       |       |       |       |     1 |       ||     1
         Summon Lightning  |       |       |       |       |       |       |       |    13 |    24 ||    37
         Summon Forest     |       |       |       |       |       |       |       |     1 |     9 ||    10
         Summon Mana Viper |       |       |       |       |       |       |       |       |     5 ||     5
 Invoke: Curse Item        |     1 |     2 |     1 |     4 |     3 |       |     4 |     1 |       ||    16
         Shatter the Chain |       |       |       |     1 |     2 |     1 |     3 |     1 |       ||     8
  Evoke: Wand              |       |       |    17 |     2 |    14 |    20 |    49 |    32 |    24 ||   158
         Lightning rod     |       |       |       |       |    10 |    11 |    24 |    21 |     5 ||    71
         Box of beasts     |       |       |       |       |     3 |     4 |     7 |     9 |     2 ||    25
         Phantom mirror    |       |       |       |       |       |       |     6 |     7 |     2 ||    15
         Phial of floods   |       |       |       |       |       |       |     5 |     7 |     2 ||    14
         Tin of tremorston |       |       |       |       |       |       |     7 |     7 |     3 ||    17
    Use: Scroll            |     3 |     8 |     1 |     7 |    21 |    11 |    13 |    10 |    12 ||    86
         Potion            |       |     1 |     4 |     1 |    10 |    28 |     8 |     3 |    24 ||    79
   Stab: Distracted        |       |       |     2 |       |     1 |     1 |     2 |    23 |     7 ||    36
         Invisible         |       |       |       |     3 |     2 |       |       |    15 |     1 ||    21
         Sleeping          |       |       |       |     1 |     9 |       |       |       |       ||    10
         Petrified         |       |       |       |       |     1 |       |       |       |       ||     1
         Paralysed         |       |       |       |       |       |       |     4 |     4 |       ||     8
         Held in net/web   |       |       |       |       |       |       |       |     5 |       ||     5
 Armour: Scale mail        |    17 |    40 |       |       |       |       |       |       |       ||    57
         Chain mail        |       |    15 |    45 |    29 |       |       |       |       |       ||    89
         Skin              |       |       |    41 |       |       |       |       |       |       ||    41
         Quicksilver drago |       |       |       |    68 |   245 |       |       |       |       ||   313
         Plate armour      |       |       |       |       |    99 |   264 |   598 |   442 |   173 ||  1576
  Dodge: Dodged            |    23 |    46 |    37 |   118 |   490 |   269 |   638 |   501 |   192 ||  2314
  Block: Buckler           |    11 |    67 |   106 |   188 |   482 |       |       |       |       ||   854
         Reflection        |       |     1 |     7 |     9 |    36 |    49 |    67 |    83 |    12 ||   264
         Kite shield       |       |       |       |       |   207 |   546 |  1045 |   410 |   471 ||  2679
         Tower shield      |       |       |       |       |       |       |   460 |  1284 |       ||  1744
